Map: Triton LE

Players

AGOElazer (Elazer)

  • Race: Zerg Zerg
  • League: Master
  • Spawn Location: 11:00

llllllllllll (Oliveira) - Winner!

  • Race: Terran Terran
  • League: Master
  • Spawn Location: 5:00

Event: HomeStory Cup XX

VOD

Have the link to the VOD?

Description

Time

  • Played on: Nov. 21, 2019, 9:40 a.m.
  • Length: 14:39

All games in this series

Show
View Real Time Build Order
Export as new Build Order

AGOElazer Zerg 

Build Orders: Hatch First, Brood Lord Corruptor 

Get SALT Encoding   

  12  0:00  Drone  
  13  0:12  Overlord  
  13  0:16  Drone  
  14  0:31  Drone x2  
  16  0:48  Hatchery  
  15  0:50  Drone  
  15  0:54  Drone  
  17  0:57  Drone  
  18  1:08  Extractor  
  17  1:12  Spawning Pool  
  17  1:16  Drone  
  17  1:19  Drone  
  18  1:27  Drone  
  19  1:38  Drone  
  20  1:49  Drone  
  21  1:59  Queen x2  
  21  2:00  Zergling x4  
  27  2:14  Hatchery  
  26  2:17  Overlord  
  26  2:20  Drone  
  27  2:23  Drone  
  28  2:33  Metabolic Boost  
  31  2:37  Drone x3  
  31  2:43  Queen  
  33  2:48  Overlord  
  33  2:52  Drone  
  33  2:55  Drone  
  33  2:56  Drone  
  36  3:08  Drone x4  
  36  3:09  Drone  
  41  3:15  Drone  
  41  3:18  Overlord  
  41  3:19  Queen  
  44  3:31  Queen, Drone  
  44  3:33  Overlord  
  47  3:39  Zergling x2  
  47  3:40  Zergling x6  
  51  3:42  Zergling x2  
  51  3:43  Drone x2  
  54  3:49  Drone x2  
  54  3:52  Drone x4  
  60  3:58  Queen  
  62  4:03  Drone x3  
  62  4:07  Lair  
  65  4:10  Drone  
  65  4:15  Overlord  
  65  4:18  Baneling Nest, Overlord  
  65  4:20  Drone  
  65  4:26  Overlord  
  65  4:34  Zergling x2  
  65  4:35  Overlord  
  65  4:37  Queen  
  68  4:39  Zergling x4  
  68  4:41  Drone x4  
  68  4:45  Drone x3  
  77  4:46  Drone x2  
  79  4:55  Extractor, Overlord  
  79  4:56  Drone x4  
  79  4:58  Drone  
  83  5:00  Spore Crawler  
  83  5:02  Spore Crawler  
  83  5:03  Spore Crawler  
  83  5:04  Extractor  
  83  5:05  Overseer  
  79  5:08  Drone x2, Overlord  
  79  5:09  Drone x3  
  79  5:11  Queen  
  79  5:13  Centrifical Hooks  
  86  5:18  Queen  
  86  5:19  Drone x3  
  91  5:22  Extractor, Drone x2  
  91  5:23  Drone  
  93  5:29  Overlord  
  93  5:32  Drone x2  
  93  5:35  Extractor x2  
  93  5:37  Baneling x3  
  93  5:38  Zergling x8  
  97  5:43  Overlord  
  97  5:44  Drone  
  97  5:48  Evolution Chamber  
  97  5:50  Evolution Chamber  
  97  5:51  Hatchery  
  97  5:52  Drone x5  
  97  5:53  Drone  
  97  5:55  Drone  
  102  6:00  Drone  
  103  6:06  Drone x3  
  106  6:13  Hatchery  
  106  6:16  Baneling x4  
  106  6:17  Zergling x14  
  112  6:22  Baneling  
  112  6:23  Baneling x4  
  112  6:25  Overlord  
  112  6:29  Zerg Melee Weapons Level 1, Zerg Ground Armor Level 1  
  112  6:30  Zergling x6  
  115  6:32  Overseer  
  115  6:33  Infestation Pit  
  115  6:36  Zergling x2  
  115  6:37  Zergling x8  
  115  6:38  Zergling x2  
  115  6:39  Zergling x2  
  121  6:42  Overlord  
  121  6:46  Zergling x2, Overlord  
  121  6:47  Zergling x4  
  124  6:51  Zergling x2  
  124  7:00  Overlord  
  124  7:01  Zergling x2  
  124  7:02  Zergling x12  
  124  7:06  Overlord  
  132  7:08  Zergling x4  
  132  7:13  Zergling x8  
  123  7:17  Overlord  
  123  7:19  Zergling x4, Baneling  
  123  7:20  Baneling x5  
  124  7:25  Zergling x8  
  124  7:28  Zergling x2  
  129  7:30  Baneling x5  
  129  7:33  Zergling x6  
  129  7:36  Hive  
  132  7:37  Zergling x2  
  132  7:38  Zergling x6, Spire  
  116  7:51  Zergling x16  
  116  7:54  Burrow  
  116  7:57  Drone x6  
  128  8:01  Drone x2  
  128  8:05  Hatchery  
  122  8:06  Drone x6  
  122  8:07  Extractor  
  122  8:09  Overlord  
  122  8:10  Zergling x2  
  122  8:11  Zergling x2  
  126  8:15  Pneumatized Carapace  
  126  8:17  Overseer  
  126  8:18  Overseer  
  126  8:19  Zergling x8  
  130  8:23  Zergling x6  
  133  8:27  Zergling x10  
  133  8:28  Baneling  
  133  8:29  Baneling x3  
  133  8:30  Baneling x3  
  133  8:31  Baneling x2  
  133  8:32  Baneling  
  133  8:34  Zergling x4  
  136  8:44  Zergling x24  
  145  8:55  Greater Spire  
  141  8:56  Drone x8  
  141  9:00  Extractor, Drone x2  
  141  9:01  Spore Crawler  
  141  9:02  Drone  
  150  9:03  Zerg Ground Armor Level 2  
  150  9:04  Zerg Melee Weapons Level 2  
  150  9:10  Overlord  
  150  9:11  Baneling x7  
  150  9:12  Zergling x6, Baneling  
  153  9:20  Zergling x16  
  161  9:31  Zergling x16  
  169  9:32  Baneling  
  169  9:33  Baneling x15  
  168  9:45  Zergling x26  
  169  9:46  Spore Crawler  
  168  9:55  Drone x6  
  168  9:58  Corruptor x3  
  176  10:08  Corruptor x4  
  174  10:17  Drone x3  
  174  10:18  Spore Crawler x2  
  174  10:19  Zerg Flyer Weapons Level 1  
  167  10:21  Drone x2  
  167  10:22  Drone  
  167  10:25  Spore Crawler  
  167  10:26  Drone x3  
  167  10:27  Drone  
  167  10:31  Zergling x2  
  167  10:32  Corruptor x2, Zergling x2  
  173  10:36  Pathogen Glands  
  173  10:42  Brood Lord, Overlord x2  
  175  10:43  Brood Lord x2  
  178  10:50  Brood Lord x3  
  178  10:56  Baneling x2  
  178  10:58  Zergling x18  
  172  11:06  Adrenal Glands  
  172  11:08  Brood Lord x2  
  165  11:11  Zergling x10  
  165  11:18  Zergling x6  
  165  11:19  Zergling x10  
  172  11:30  Drone x8  
  172  11:31  Drone  
  181  11:37  Extractor  
  181  11:38  Extractor  
  179  11:40  Infestor x4  
  179  11:43  Overlord  
  179  11:46  Baneling  
  179  11:47  Baneling x9  
  185  11:48  Corruptor  
  187  11:57  Spore Crawler  
  187  11:58  Spore Crawler  
  185  12:03  Drone x2  
  180  12:10  Drone x2  
  180  12:11  Drone x9  
  180  12:15  Corruptor x4  
  188  12:28  Drone x4  
  192  12:30  Corruptor x2  
  192  12:31  Spore Crawler  
  192  12:36  Baneling x12  
  192  12:37  Baneling x2  
  193  12:41  Corruptor  
  168  12:58  Corruptor x5  
  164  13:09  Drone  
  164  13:10  Drone  
  158  13:21  Hatchery  
  158  13:22  Drone x3  
  158  13:23  Drone x2  
  158  13:26  Extractor  
  161  13:29  Brood Lord x4  
  169  13:36  Infestor  
  171  13:44  Brood Lord x2  
  171  13:48  Zergling x8  
  178  13:50  Hatchery  
  178  14:01  Zergling x2  
  178  14:02  Zergling x12  
  185  14:06  Corruptor x2  
  189  14:15  Overlord x2  
  189  14:17  Baneling x8  
Show
View Real Time Build Order
Export as new Build Order

llllllllllll Terran - Winner!

Build Orders: Hellion Opening, Reaper Expand 

Get SALT Encoding   

  12  0:00  SCV  
  13  0:13  SCV  
  14  0:17  Supply Depot  
  14  0:25  SCV  
  15  0:39  SCV  
  15  0:41  Barracks  
  16  0:44  Refinery  
  16  0:51  SCV  
  17  1:03  SCV  
  18  1:15  SCV  
  19  1:28  Orbital Command, Reaper  
  20  1:39  Command Center  
  20  1:46  Supply Depot  
  20  1:54  SCV  
  21  2:00  Marine  
  22  2:06  SCV  
  22  2:08  Factory  
  23  2:12  Refinery  
  23  2:18  SCV  
  23  2:21  Barracks Reactor  
  24  2:30  SCV  
  25  2:42  SCV  
  26  2:51  Orbital Command  
  26  2:54  Starport, SCV  
  27  3:01  Hellion x2  
  31  3:06  Marine  
  31  3:07  SCV  
  33  3:17  SCV  
  33  3:19  SCV  
  35  3:24  Hellion x2  
  35  3:25  Supply Depot  
  39  3:29  SCV  
  39  3:31  Viking, SCV  
  39  3:32  Barracks Tech Lab  
  43  3:41  SCV  
  44  3:43  SCV  
  45  3:51  Hellion x2  
  45  3:52  Supply Depot  
  45  3:53  SCV  
  45  3:55  SCV  
  51  3:58  Stimpack  
  51  4:05  SCV  
  51  4:07  SCV  
  53  4:18  Command Center, SCV  
  53  4:21  Marine, Factory Tech Lab  
  53  4:22  Supply Depot  
  53  4:23  SCV  
  56  4:24  Barracks  
  56  4:30  Barracks  
  56  4:32  Starport Reactor  
  56  4:34  SCV  
  56  4:35  SCV  
  58  4:38  Marine  
  58  4:39  Supply Depot  
  58  4:43  Siege Tank  
  62  4:46  SCV  
  62  4:48  SCV  
  64  4:58  Engineering Bay x2  
  64  4:59  SCV  
  65  5:00  Refinery x2  
  65  5:02  Marine  
  65  5:04  SCV  
  67  5:11  SCV  
  69  5:16  SCV  
  69  5:18  Starport Reactor  
  69  5:21  Marine  
  70  5:23  Siege Tank, SCV  
  70  5:25  Terran Infantry Weapons Level 1, Terran Infantry Armor Level 1  
  74  5:28  SCV  
  74  5:29  Marine x2  
  74  5:30  Marine, Orbital Command  
  74  5:32  Marine  
  74  5:35  SCV  
  80  5:40  Marine  
  80  5:41  SCV  
  82  5:44  Combat Shield  
  82  5:47  Marine x2, SCV  
  86  5:54  Supply Depot, SCV  
  86  5:55  Orbital Command  
  87  5:59  SCV  
  87  6:00  Supply Depot  
  87  6:03  Medivac x2  
  91  6:05  Marine, Supply Depot  
  91  6:06  SCV  
  93  6:16  Marine x3, Supply Depot, SCV  
  97  6:19  SCV  
  97  6:21  SCV  
  97  6:22  Barracks  
  99  6:26  Barracks  
  99  6:29  Marine x2  
  99  6:31  Supply Depot  
  101  6:33  Factory Reactor  
  101  6:34  SCV x2  
  101  6:36  SCV  
  101  6:39  Marine  
  105  6:45  Supply Depot  
  105  6:46  SCV x2  
  107  6:47  Armory  
  107  6:49  Refinery, Factory  
  107  6:50  Marine  
  107  6:51  Marine  
  107  6:53  SCV  
  110  6:57  Supply Depot  
  110  6:58  Marine x2, SCV  
  113  7:04  SCV  
  113  7:05  Marine  
  115  7:08  Marine  
  115  7:10  Marine  
  115  7:13  Barracks Reactor  
  115  7:14  SCV, Barracks Reactor  
  116  7:16  SCV  
  116  7:17  Marine x2  
  116  7:19  Widow Mine x2  
  116  7:20  SCV  
  124  7:24  Marine  
  124  7:25  Command Center  
  124  7:26  Medivac x2, SCV  
  128  7:30  Supply Depot  
  128  7:33  Drilling Claws  
  128  7:35  Terran Infantry Weapons Level 2  
  128  7:38  Terran Infantry Armor Level 2  
  128  7:39  Marine  
  108  7:52  Marine x2, Widow Mine  
  108  7:53  Marine x3  
  108  7:54  Widow Mine x2, Marine x3  
  108  7:57  Marine, SCV x2  
  115  8:10  Marine x3  
  115  8:11  Marine x2, Medivac x2  
  115  8:12  Marine  
  117  8:13  Marine  
  117  8:14  Marine  
  117  8:15  Widow Mine  
  117  8:17  Widow Mine, Hellion  
  117  8:18  Marine  
  127  8:22  Supply Depot  
  127  8:24  Refinery  
  127  8:26  Terran Vehicle And Ship Armor Level 1  
  127  8:27  Marine  
  127  8:28  Marine x3  
  127  8:32  Marine  
  132  8:38  Barracks x3  
  128  8:41  Widow Mine  
  128  8:44  Marine x2  
  128  8:46  Widow Mine x2  
  131  8:52  Marine x2  
  131  8:53  Marine, Medivac x2  
  131  8:54  Marine  
  129  8:56  SCV x2  
  129  8:57  SCV  
  129  9:00  Marine x3  
  135  9:03  Marine  
  135  9:05  Widow Mine  
  135  9:07  Marine  
  135  9:09  Marine  
  139  9:10  Marine, Widow Mine  
  139  9:11  Widow Mine, Marine  
  146  9:17  Marine  
  146  9:20  Marine  
  146  9:22  Marauder  
  150  9:26  Widow Mine, Barracks Tech Lab x3  
  150  9:29  Starport  
  150  9:30  Marine x2, Fusion Core  
  154  9:31  Medivac x2  
  154  9:34  Widow Mine  
  154  9:36  SCV  
  161  9:39  SCV  
  161  9:40  Marine  
  161  9:42  Command Center  
  161  9:43  Marine  
  164  9:46  Marine, Widow Mine  
  164  9:50  Marine  
  164  9:52  Marine, Terran Infantry Weapons Level 3  
  164  9:58  Planetary Fortress  
  163  10:01  Supply Depot  
  158  10:08  Marine  
  154  10:14  Marine x2, Marauder  
  154  10:15  Marine  
  154  10:16  Widow Mine  
  154  10:19  Marine x2, Marauder  
  154  10:20  Widow Mine  
  165  10:21  Starport Reactor  
  165  10:26  Marine x2  
  165  10:27  Marauder, Refinery, Marine  
  165  10:28  Refinery  
  168  10:29  Marine, Ghost Academy  
  168  10:31  Widow Mine  
  168  10:32  Marine x2  
  168  10:34  Liberator x2  
  171  10:36  Marauder  
  171  10:37  Widow Mine  
  171  10:38  Terran Ship Weapons Level 1  
  171  10:47  Marine x3  
  171  10:48  Marauder  
  176  10:55  Marine x2, Marauder, Liberator  
  178  11:02  Marine, SCV x2  
  171  11:06  Ghost  
  171  11:07  Marine  
  171  11:08  Widow Mine x2, Ghost  
  171  11:10  Marine x2  
  172  11:12  Widow Mine  
  172  11:14  Marine, SCV  
  172  11:15  SCV  
  172  11:16  SCV  
  178  11:22  Viking  
  178  11:23  Ghost  
  178  11:24  Marine x2  
  177  11:27  Marine  
  177  11:28  Marine  
  177  11:29  Barracks  
  177  11:30  Marine x2  
  177  11:32  Personal Cloaking, Terran Infantry Armor Level 3  
  176  11:34  Viking x2, Ghost  
  176  11:37  Widow Mine x3  
  188  11:44  Ghost  
  188  11:45  Marine  
  189  11:52  Viking  
  191  12:01  Ghost  
  191  12:03  Ghost  
  193  12:12  Marine x2  
  193  12:13  Medivac, Ghost  
  193  12:18  Planetary Fortress  
  193  12:22  Barracks Tech Lab  
  185  12:24  Command Center  
  185  12:37  Refinery  
  185  12:39  Refinery  
  185  12:41  Marine  
  161  12:45  Viking  
  161  12:46  Viking x3, Ghost x2  
  156  12:59  Ghost  
  157  13:11  Marine  
  147  13:12  Marine  
  147  13:13  Marine x4  
  147  13:14  Widow Mine  
  147  13:15  Widow Mine, Viking  
  147  13:19  Marine x2  
  154  13:20  Ghost x2  
  154  13:21  Viking x3  
  159  13:29  Marine x2, SCV  
  159  13:30  Marine, Liberator  
  159  13:31  Marine x3, Widow Mine  
  159  13:32  Marine x2  
  170  13:37  Marine x2, Refinery, Command Center  
  170  13:39  Concussive Shells  
  170  13:40  Refinery  
  172  13:47  Marine  
  172  13:48  Marauder x2  
  180  13:49  Marine x3, Widow Mine x2  
  180  13:54  Orbital Command  
  190  14:04  Marine x2  
  190  14:05  Marine x3  
  190  14:07  Marauder  
  196  14:11  Marine x2  
Tags
 
Add a new tag
Caveats
  • Supply blocks, unpowered buildings, or Contaminate may cause inaccurate times.
  • Supply counts are checked every 10 seconds.